 Dungeon Crawl Stone Soup version 0.27-a0-1202-ge72e49191c (webtiles) character file.

Game seed: 765241996074128648

2229 Ijustatesigmund the Chopper (level 9, 0/72 HPs)
             Began as a Demonspawn Fighter on June 2, 2021.
             Slain by an ice beast (8 damage)
             ... on level 6 of the Dungeon.
             The game lasted 00:12:18 (8689 turns).

Ijustatesigmund the Chopper (Demonspawn Fighter)    Turns: 8689, Time: 00:12:18

Health: 0/72       AC:  9    Str: 17    XL:     9   Next: 14%
Magic:  9/9        EV:  6    Int: 10    God:
Gold:   227        SH: 10    Dex: 15    Spells: 8/8 levels left

rFire    . . .     SeeInvis .   a - +3 war axe (vorpal)
rCold    . . .     Faith    .   c - +1 kite shield
rNeg     . . .     Spirit   .   b - +0 chain mail
rPois    +         Reflect  .   (helmet restricted)
rElec    .         Harm     .   m - scarf {repulsion}
rCorr    .         Rampage  .   (no gloves)
Will     .....                  (no boots)
Stlth    ..........             (no amulet)
HPRegen  0.22/turn              i - +4 ring of slaying
MPRegen  0.11/turn              g - ring of poison resistance

@: repel missiles
A: antennae 2, foul stench 2
a: no special abilities


You were on level 6 of the Dungeon.
You visited 1 branch of the dungeon, and saw 6 of its levels.

You collected 395 gold pieces.
You spent 168 gold pieces at shops.

Inventory:

Hand Weapons
 a - a +3 vorpal war axe (weapon)
 j - a +2 flail of protection
Armour
 b - a +0 chain mail (worn)
 c - a +1 kite shield (worn)
 m - a scarf of repulsion (worn)
Jewellery
 g - a ring of poison resistance (right hand)
 i - a +4 ring of slaying (left hand)
Wands
 f - a wand of polymorph (4)
 n - a wand of digging (3)
Scrolls
 e - 2 scrolls of teleportation
 h - 3 scrolls of identify
 k - a scroll of fear
Potions
 d - a potion of might
 l - a potion of magic


   Skills:
 + Level 7.1 Fighting
 + Level 7.4 Axes
 + Level 3.6 Armour
 - Level 4.6 Dodging
 + Level 3.6 Shields


You had 8 spell levels left.
You didn't know any spells.
Your spell library was empty.

Dungeon Overview and Level Annotations

Branches:
Dungeon (6/15)             Temple (0/1) D:5

Altars:
Elyvilon
Hepliaklqana
Kikubaaqudgha
Nemelex Xobeh
Yredelemnul

Shops:
D:4 [


Innate Abilities, Weirdness & Mutations

You have a pair of antennae on your head.
You sometimes emit foul miasma when damaged in melee.


Message History

The bullfrog zombie closely misses you.
You hit the bullfrog zombie.
The bullfrog zombie is almost destroyed.
You block the bullfrog zombie's attack. The bullfrog zombie hits you.
You hit the bullfrog zombie.
You destroy the bullfrog zombie!
The ice beast hits you. The ice beast freezes you!
You see here a +0 giant club.
You are too injured to fight recklessly!
You are too injured to fight recklessly!
You are too injured to fight recklessly!
You are too injured to fight recklessly!
You are too injured to fight recklessly!
You closely miss the ice beast.
The ice beast hits you but does no damage.
You block the ice beast's attack.
You barely miss the ice beast. You block the ice beast's attack.
You closely miss the ice beast. The ice beast completely misses you.
You block the ice beast's attack.
You hit the ice beast.
The ice beast is moderately wounded.
The ice beast hits you but does no damage.
You barely miss the ice beast.
The ice beast is moderately wounded.
The ice beast hits you. The ice beast freezes you!
You closely miss the ice beast.
The ice beast is moderately wounded.
You block the ice beast's attack. The ice beast hits you.
* * * LOW HITPOINT WARNING * * *
The ice beast freezes you!
* * * LOW HITPOINT WARNING * * *
You hit the ice beast but do no damage.
The ice beast is moderately wounded.
You block the ice beast's attack.
You closely miss the ice beast.
The ice beast is moderately wounded.
The ice beast hits you.
* * * LOW HITPOINT WARNING * * *
The ice beast freezes you!
You die...

#.# #....###.###
##.####....##...##
#..........#.....#
#..##.#....##...##
##.#[#.#..[.###.##
##.###.......# #.#
#.## ##.#....# #.#
##.## .####.####+#
##@# # .###...##
#Y.# #.##.....#
#.... ..#.......
##$...# #........
...... +........
....####........
.#.## #.......
.### ##.....#
##...##


You could see an ice beast.

Vanquished Creatures
  Menkaure (D:3)
  Edmund (D:5)
  A water moccasin (D:5)
  A sky beast (D:6)
  5 ogres
  A phantom (D:5)
  A bullfrog (D:6)
  3 scorpions
  2 water moccasin skeletons (D:6)
  A howler monkey (D:5)
  A vampire bat (D:3)
  2 bullfrog zombies (D:6)
  Crazy Yiuf (D:6)
  A centaur zombie (D:6)
  A gnoll shaman (D:6)
  3 orc priests
  2 hounds
  A scorpion zombie (D:3)
  Terence (D:3)
  5 iguanas
  2 orc wizards
  Natasha (thrice) (D:2)
  A hound zombie (D:5)
  Robin (D:2)
  8 gnolls
  5 adders
  An adder skeleton (D:4)
  2 worms
  3 dart slugs
  18 orcs
  6 ball pythons
  8 bats
  7 endoplasms
  10 giant cockroaches (D:2)
  17 goblins
  8 hobgoblins
  A jackal (D:2)
  2 quokkas (D:4)
  A ball python skeleton (D:3)
  A ball python zombie (D:3)
  3 frilled lizards
  9 kobolds
  9 rats
161 creatures vanquished.

Vanquished Creatures (others)
  A plant (D:2)
1 creature vanquished.

Grand Total: 162 creatures vanquished

Notes
Turn   | Place    | Note
-------+----------+-------------------------------------------
     0 | D:1      | Ijustatesigmund the Demonspawn Fighter began the quest for
                  | the Orb.
     0 | D:1      | Reached XP level 1. HP: 18/18 MP: 1/1
   346 | D:1      | Gained mutation: You may rarely emit foul miasma when
                  | damaged in melee. [demonic ancestry]
   346 | D:1      | Reached XP level 2. HP: 19/24 MP: 2/2
   890 | D:2      | Noticed Natasha
   899 | D:2      | Killed Natasha
   900 | D:2      | Gained mutation: You have a pair of small antennae on your
                  | head. [demonic ancestry]
   900 | D:2      | Reached XP level 3. HP: 6/29 MP: 3/3
  1198 | D:2      | Noticed Natasha
  1232 | D:2      | Killed Natasha
  1233 | D:2      | Reached XP level 4. HP: 16/37 MP: 4/4
  1726 | D:2      | Found a faded altar of an unknown god.
  2207 | D:2      | Noticed Natasha
  2303 | D:2      | Killed Natasha
  2304 | D:2      | Gained mutation: You sometimes emit foul miasma when
                  | damaged in melee. [demonic ancestry]
  2304 | D:2      | Reached XP level 5. HP: 42/42 MP: 5/5
  2322 | D:3      | Noticed Robin
  2832 | D:2      | Killed Robin
  2918 | D:2      | Reached skill level 5 in Axes
  3258 | D:3      | Reached XP level 6. HP: 28/48 MP: 6/6
  3308 | D:3      | Reached skill level 1 in Dodging
  3698 | D:3      | Found a hazy altar of Hepliaklqana.
  3742 | D:3      | Found a transporter.
  3750 | D:3      | Noticed Menkaure
  3750 | D:3      | Found an ancient bone altar of Kikubaaqudgha.
  3750 | D:3      | Found a basalt altar of Yredelemnul.
  3759 | D:3      | Killed Menkaure
  3760 | D:3      | Found a transporter.
  3774 | D:3      | Identified the +3 great mace "Duzoah" {vorpal, Int+6}
  3937 | D:3      | Noticed Terence
  3947 | D:3      | Killed Terence
  3948 | D:3      | Reached XP level 7. HP: 46/55 MP: 7/7
  4924 | D:4      | Found Zuco's Armour Emporium.
  4932 | D:4      | Bought a scarf of repulsion for 168 gold pieces
  5217 | D:5      | Entered Level 5 of the Dungeon
  5239 | D:5      | Noticed Edmund
  5244 | D:5      | Reached skill level 5 in Fighting
  5248 | D:5      | Killed Edmund
  5986 | D:5      | Gained mutation: You have a pair of antennae on your head.
                  | [demonic ancestry]
  5986 | D:5      | Reached XP level 8. HP: 30/64 MP: 8/8
  6483 | D:5      | Found a staircase to the Ecumenical Temple.
  7433 | D:6      | Found a sparkling altar of Nemelex Xobeh.
  7468 | D:6      | HP: 3/65 [gnoll/+0 halberd (1)]
  8000 | D:6      | Found a runed translucent door.
  8001 | D:6      | Noticed Crazy Yiuf
  8011 | D:6      | Killed Crazy Yiuf
  8257 | D:6      | Reached XP level 9. HP: 47/71 MP: 9/9
  8689 | D:6      | Slain by an ice beast

Illustrated notes

Levels and vault maps discovered:
D:1:      pf_arrival_petrified_forest, layout_basic
D:2:      minmay_roachtagon, layout_basic,
          shapermc_ecumenical_altar_mp_ritualfount, minmay_octomino_j4,
          uniq_natasha
D:3:      layout_rooms, gammafunk_temple_of_torment,
          gammafunk_temple_overflow_statue, roderic_batcave, uniq_robin,
          uniq_terence
D:4:      kennysheep_the_goblin_king, layout_basic, serial_shops,
          nicolae_shop_waterfront, minmay_misc_feat_iff,
          chequers_serial_rivers_micro_a
D:5:      layout_cave_pods, minmay_temple_entry_enclosed_plants,
          eino_small_chamber_without_monster, hangedman_decor_clover_reticule,
          uniq_edmund
D:6:      layout_loops_corners, nemelex_xobeh_ov_fountains_minmay,
          okawaru_altar_gauntlet_db, uniq_crazy_yiuf_cottage

Skill      XL: |  1  2  3  4  5  6  7  8  9 |
---------------+----------------------------+-----
Axes           | 2 3 4 5 6 7 |  7.4
Fighting       | 4 5 6 7 |  7.1
Dodging        | 2 3 4 |  4.6
Armour         | 3 |  3.6
Shields        | 3 |  3.6

Action                   |  1- 3 |  4- 6 |  7- 9 || total
-------------------------+-------+-------+-------++-------
Melee: War axe           |    78 |   155 |   200 ||   433
       Unarmed           |     3 |       |       ||     3
Evoke: Wand              |       |       |     2 ||     2
  Use: Scroll            |       |     4 |     8 ||    12
       Potion            |       |     2 |     8 ||    10
Armor: Scale mail        |    39 |    79 |    32 ||   150
       Skin              |     1 |     1 |       ||     2
       Chain mail        |       |       |    30 ||    30
Dodge: Dodged            |    35 |    56 |    69 ||   160
Block: Kite shield       |    51 |    94 |   112 ||   257

Table legend: (Time is in decaauts)
 A = Elapsed time spent in this place.
 B = Non-inter-level travel time spent in this place.
 C = Inter-level travel time spent in this place.
 D = Time resting spent in this place.
 E = Time spent auto-exploring this place.
 F = Levels seen in this place.
 G = Mean time per level.
                   A        B        C        D        E       F      G
               +--------+--------+--------+--------+--------+-----+--------+
         Total |   8916 |   8811 |    105 |   3420 |   4092 |   6 | 1486.0 |
       Dungeon |   8916 |   8811 |    105 |   3420 |   4092 |   6 | 1486.0 |
               +--------+--------+--------+--------+--------+-----+--------+

Top non-repeatable levels by time:
     D:2: 2371 daAuts
     D:6: 1627 daAuts
     D:4: 1540 daAuts
     D:5: 1445 daAuts
     D:3: 990 daAuts
     D:1: 941 daAuts
